2030 views
Uploaded 2024-05-11 18:45:19
Game version 1.36 (6115)
14:28 long 1on1 custom game on (2)EchoIsles
Game name "123stg"
Saved by VladStg
2030 views
Uploaded 2024-05-11 18:45:19
Game version 1.36 (6115)
14:28 long 1on1 custom game on (2)EchoIsles
Game name "123stg"

25 units @ 3.5k
/ 0.4k
22 buildings @ 2.4k
/ 1.1k

| Scroll of Town Portal | 1 | 350 |
| total: | 1 | 350g |
| Peasant | 10 | 750 | / | 0 |
| Footman | 2 | 270 | / | 0 |
| Priest | 3 | 405 | / | 30 |
| Sorceress | 3 | 465 | / | 60 |
| Dragonhawk Rider | 3 | 600 | / | 90 |
| Gryphon Rider | 2 | 560 | / | 140 |
| Spell Breaker | 1 | 215 | / | 30 |
| Forest Troll Berserker | 1 | 245 | / | 30 |
| total: | 25 | 3510g | / | 380w |
| Scout Tower | 3 | 90 | / | 60 |
| Arcane Tower | 1 | 70 | / | 50 |
| Guard Tower | 2 | 140 | / | 100 |
| Altar of Kings | 1 | 180 | / | 50 |
| Farm | 10 | 800 | / | 200 |
| Barracks | 1 | 160 | / | 60 |
| Lumber Mill | 1 | 120 | / | 0 |
| Blacksmith | 1 | 140 | / | 60 |
| Arcane Vault | 1 | 130 | / | 30 |
| Town Hall | 1 | 385 | / | 205 |
| Arcane Sanctum | 1 | 150 | / | 140 |
| Gryphon Aviary | 2 | 280 | / | 300 |
| Keep | 1 | 320 | / | 210 |
| Castle | 1 | 360 | / | 210 |
| total: | 22 | 2435g | / | 1105w |
| 0:05 | Peasant |
| 0:05 | Peasant |
| 0:12 | Altar of Kings |
| 0:23 | Farm |
| 0:26 | Peasant |
| 0:32 | Peasant |
| 0:39 | Barracks |
| 0:45 | Peasant |
| 0:54 | Farm |
| 0:56 | Peasant |
| 1:06 | Peasant |
| 1:26 | Farm |
| 1:40 | Footman |
| 1:48 | Scout Tower |
| 1:54 | Peasant |
| 2:02 | Footman |
| 2:07 | Peasant |
| 2:23 | Lumber Mill |
| 2:28 | Arcane Tower |
| 2:31 | Flame Strike |
| 2:35 | Peasant |
| 2:48 | Blacksmith |
| 3:15 | Scout Tower |
| 3:23 | Keep |
| 3:26 | Improved Lumber Harvesting |
| 3:42 | Guard Tower |
| 4:41 | Improved Masonry |
| 4:47 | Iron Forged Swords |
| 5:03 | Iron Plating |
| 5:13 | Arcane Vault |
| 5:47 | Arcane Sanctum |
| 5:55 | Gryphon Aviary |
| 6:42 | Castle |
| 6:44 | Priest |
| 7:00 | Sorceress |
| 7:02 | Dragonhawk Rider |
| 7:09 | Scout Tower |
| 7:25 | Priest |
| 7:32 | Farm |
| 7:40 | Farm |
| 7:44 | Guard Tower |
| 7:47 | Sorceress |
| 8:16 | Priest |
| 8:17 | Sorceress |
| 8:19 | Dragonhawk Rider |
| 8:25 | Farm |
| 8:36 | Gryphon Aviary |
| 9:01 | Dragonhawk Rider |
| 9:36 | Storm Hammers |
| 9:37 | Gryphon Rider |
| 9:52 | Siphon Mana |
| 10:10 | Forest Troll Berserker |
| 10:27 | Gryphon Rider |
| 11:06 | Spell Breaker |
| 11:13 | Farm |
| 11:16 | Farm |
| 11:20 | Farm |
| 12:13 | Scroll of Town Portal |
| 12:35 | Farm |
| 13:15 | Town Hall |
| 14:11 | Flame Strike |
| 14:26 | Banish |
| Right click | 814 |
| Select group | 450 |
| Select | 203 |
| Use ability | 112 |
| Build/train/purchase | 43 |
| Assign group | 29 |
| Remove unit | 1 |
25 units @ 3.4k
/ 0.3k
13 buildings @ 2.1k
/ 0.7k


| Healing Salve | 3 | 300 |
| Lesser Clarity Potion | 1 | 70 |
| Scroll of Speed | 1 | 50 |
| total: | 5 | 420g |
| Peon | 11 | 825 | / | 0 |
| Grunt | 6 | 1200 | / | 0 |
| Raider | 4 | 720 | / | 160 |
| Shaman | 3 | 390 | / | 60 |
| Kodo Beast | 1 | 255 | / | 60 |
| total: | 25 | 3390g | / | 280w |
| Altar of Storms | 1 | 180 | / | 50 |
| Orc Burrow | 6 | 960 | / | 240 |
| Barracks | 2 | 360 | / | 100 |
| Voodoo Lounge | 1 | 130 | / | 30 |
| War Mill | 1 | 205 | / | 0 |
| Beastiary | 1 | 145 | / | 140 |
| Spirit Lodge | 1 | 150 | / | 150 |
| Stronghold | 1 | 315 | / | 190 |
| total: | 13 | 2130g | / | 710w |
| 0:01 | Peon |
| 0:01 | Peon |
| 0:03 | Altar of Storms |
| 0:15 | Orc Burrow |
| 0:20 | Peon |
| 0:20 | Peon |
| 0:34 | Barracks |
| 0:48 | Peon |
| 1:09 | Peon |
| 1:26 | Orc Burrow |
| 1:35 | Grunt |
| 1:50 | Peon |
| 2:02 | Peon |
| 2:06 | Feral Spirit |
| 2:15 | Voodoo Lounge |
| 2:34 | Grunt |
| 2:47 | Peon |
| 3:35 | Grunt |
| 3:41 | Orc Burrow |
| 4:32 | Healing Salve |
| 4:33 | Lesser Clarity Potion |
| 4:34 | Scroll of Speed |
| 4:44 | Peon |
| 4:44 | Peon |
| 4:54 | Chain Lighting |
| 5:08 | Stronghold |
| 5:48 | Barracks |
| 6:16 | Grunt |
| 6:16 | Grunt |
| 6:56 | Grunt |
| 6:58 | Feral Spirit |
| 8:19 | Beastiary |
| 8:50 | Healing Salve |
| 9:00 | Healing Salve |
| 9:10 | Orc Burrow |
| 9:22 | Spirit Lodge |
| 9:39 | Shockwave |
| 10:05 | Ensnare |
| 10:06 | Raider |
| 10:15 | Orc Burrow |
| 10:36 | War Mill |
| 10:44 | Shaman |
| 11:11 | Raider |
| 11:14 | Shaman |
| 11:43 | Shaman |
| 12:09 | Endurance Aura |
| 13:30 | Raider |
| 13:30 | Raider |
| 13:31 | Kodo Beast |
| 13:36 | Orc Burrow |
| Right click | 999 |
| Select group | 687 |
| Select | 290 |
| Misc. action | 56 |
| Assign group | 53 |
| Build/train/purchase | 51 |
| Use ability | 28 |
| Remove unit | 4 |
| Item give/drop | 2 |
| Esc | 1 |